 Dungeon Crawl Stone Soup version 0.21.1-1-g345015fe64 (webtiles) character file.

494 Kejsarherre the Chopper (level 7, 0/53 HPs)
             Began as a Formicid Chaos Knight on May 12, 2018.
             Slain by a small abomination (10 damage)
             ... summoned by the severe capriciousness of Xom
             ... on level 4 of the Dungeon.
             The game lasted 00:06:59 (3325 turns).

Kejsarherre the Chopper (Formicid Chaos Knight)     Turns: 3325, Time: 00:06:59

Health: 0/53       AC: 13    Str: 16    XL:     7   Next: 38%
Magic:  7/7        EV:  5    Int: 14    God:    Xom [.*....]
Gold:   193        SH:  0    Dex: 12    Spells: 6/6 levels left

rFire    . . .     SeeInvis +   g - +0 war axe
rCold    . . .     Gourm    .   (no shield)
rNeg     . . .     Faith    .   k - +1 plate armour
rPois    .         Spirit   .   (helmet unavailable)
rElec    +         Reflect  .   (no cloak)
rCorr    .         Harm     .   (no gloves)
MR       .....                  (no boots)
Stlth    ..........             (no amulet)
HPRegen  0.17/turn              (no ring)
MPRegen  0.10/turn              (no ring)

@: no status effects
A: permanent stasis, dig shafts and tunnels, four strong arms, antennae 3, thin
skeletal structure 1, electricity resistance
a: Dig, Shaft Self, Renounce Religion


You were on level 4 of the Dungeon.
You worshipped Xom.
You were a plaything of Xom.
You were not hungry.

You visited 1 branch of the dungeon, and saw 4 of its levels.

You collected 193 gold pieces.

Inventory:

Hand Weapons
 g - a +0 war axe (weapon)
Missiles
 j - 2 throwing nets (quivered)
Armour
 k - a +1 plate armour (worn)
Wands
 b - a wand of digging (4)
Scrolls
 e - 2 scrolls of remove curse
Potions
 f - a potion of magic
 o - a potion of haste {unknown}
 p - a potion of degeneration {unknown}
 q - 2 potions of curing {unknown}
Comestibles
 c - 6 rations


   Skills:
 - Level 3.8 Fighting
 + Level 5.7 Axes
 + Level 5.6 Armour
 - Level 1.5 Dodging


You had 6 spell levels left.
You didn't know any spells.

Dungeon Overview and Level Annotations

Branches:
Dungeon (4/15)
 Temple: D:4-7

Altars:
Gozag
Xom

Annotations:
D:4 Tegun's ghost, amateur TrMo


Innate Abilities, Weirdness & Mutations

You cannot be hasted, slowed, berserked, paralysed or teleported.
You can dig through walls and to a lower floor.
Your four strong arms can wield two-handed weapons with a shield.
You have a pair of large antennae on your head. (SInv)
You have a somewhat thin skeletal structure. (Dex +2, Stealth)
You are resistant to electric shocks. (rElec)


Message History

The small abomination is heavily damaged.
The small abomination hits you!
* * * LOW HITPOINT WARNING * * *
The small abomination hits you!
* * * LOW HITPOINT WARNING * * *
The small abomination hits you but does no damage.
The small abomination hits you.
* * * LOW HITPOINT WARNING * * *
The small abomination hits you but does no damage.
You feel much better.
The small abomination barely misses you.
The small abomination hits you.
The small abomination hits you but does no damage.
You are too injured to fight recklessly!
The small abomination hits you!
* * * LOW HITPOINT WARNING * * *
A shower of butterflies erupts from you!
The small abomination hits you!
You die...
Xom yawns loudly!

###### #############
#..... #.....b.....#
#..... #...........#
#..... #..b$@x.....#
#.....
#....xx.....#####..)..
#...b...........+..[..
#.(............##)....
#.....................
#....)))........#.....
########.)#'##....#.....
#...).....#.#####.######
#.#.......#........#####


You could see 3 small abominations.

Vanquished Creatures
  A scorpion (D:3)
  An orc priest (D:3)
  A hound (D:3)
  4 orc wizards (D:4)
  A worker ant (D:4)
  9 adders
  An ooze (D:3)
  An adder skeleton (D:4)
  3 dart slugs (D:1)
  A leopard gecko (D:3)
  13 orcs
  11 bats
  4 giant cockroaches
  13 goblins
  11 hobgoblins
  19 jackals
  6 kobolds
  2 quokkas
  2 ball pythons
  5 frilled lizards
  4 rats
113 creatures vanquished.

Vanquished Creatures (collateral kills)
  Robin (D:2)
  A goblin (D:2)
  A bat (D:2)
3 creatures vanquished.

Vanquished Creatures (others)
  An orc wizard (D:4)
1 creature vanquished.

Grand Total: 117 creatures vanquished

Notes
Turn   | Place    | Note
-------+----------+-------------------------------------------
     0 | D:1      | Kejsarherre the Formicid Chaos Knight began the quest for the Orb.
     0 | D:1      | Reached XP level 1. HP: 18/18 MP: 1/1
    44 | D:1      | XOM: harmless Tloc miscast
   108 | D:1      | XOM: silly message
   110 | D:1      | XOM: potion effect (invisibility)
   132 | D:1      | Reached skill level 1 in Dodging
   135 | D:1      | Reached XP level 2. HP: 12/24 MP: 2/2
   137 | D:1      | XOM: fake destruction
   280 | D:1      | XOM: enchant monster (bad)
   282 | D:1      | Reached XP level 3. HP: 25/30 MP: 3/3
   300 | D:1      | XOM: harmless Air miscast
   580 | D:1      | XOM: harmless Fire miscast
   706 | D:2      | XOM: noise
   764 | D:2      | Reached XP level 4. HP: 5/37 MP: 4/4
   891 | D:2      | XOM: divination: detect creatures
  1050 | D:2      | XOM: give mutations
  1050 | D:2      | Gained mutation: You have a somewhat thin skeletal structure. (Dex +2, Stealth) [Xom's grace]
  1050 | D:2      | Gained mutation: You are resistant to electric shocks. (rElec) [Xom's grace]
  1083 | D:2      | Noticed Robin
  1091 | D:2      | XOM: chaos upgrade
  1095 | D:2      | XOM: summons 2 friendly demons
  1104 | D:2      | Killed Robin
  1205 | D:2      | Noticed Terence
  1210 | D:2      | XOM: noise
  1211 | D:2      | Noticed Terence
  1211 | D:2      | Terence changed into Terence the hobgoblin
  1214 | D:2      | Killed Terence the hobgoblin
  1219 | D:2      | Reached XP level 5. HP: 40/42 MP: 5/5
  1219 | D:2      | XOM: scenery: create altars
  1760 | D:3      | Found a faded altar of an unknown god.
  2010 | D:3      | Reached XP level 6. HP: 26/48 MP: 6/6
  2173 | D:3      | XOM: harmless Conj miscast
  2350 | D:3      | Found an opulent altar of Gozag.
  2592 | D:4      | XOM: noise
  2606 | D:4      | Reached skill level 5 in Axes
  2637 | D:4      | XOM: silly message
  2652 | D:4      | Noticed Tegun's ghost (amateur TrMo)
  2997 | D:4      | Reached skill level 5 in Armour
  3033 | D:4      | Reached XP level 7. HP: 46/53 MP: 7/7
  3051 | D:4      | XOM: scenery: create altars
  3059 | D:4      | XOM: smoke on damage
  3258 | D:4      | XOM: polymorph leopard gecko -> adder
  3275 | D:4      | XOM: medium Erth miscast
  3317 | D:4      | XOM: medium Summ miscast
  3318 | D:4      | Noticed a small abomination
  3322 | D:4      | HP: 1/53 [small abomination[the severe capriciousness of Xom] (6)]
  3325 | D:4      | XOM: butterfly on damage
  3325 | D:4      | Slain by a small abomination

Skill      XL: |  1  2  3  4  5  6 |
---------------+-------------------+-----
Dodging        | 1 |  1.5
Armour         | 3 4 5 |  5.6
Axes           | 4 5 |  5.7
Fighting       | |  3.8

Action                   |  1- 3 |  4- 6 |  7- 9 || total
-------------------------+-------+-------+-------++-------
Melee: Hand axe          |    89 |   233 |       ||   322
       War axe           |       |    12 |    48 ||    60
  Use: Potion            |     2 |       |     1 ||     3
       Scroll            |       |     7 |       ||     7
 Stab: Invisible         |     2 |       |       ||     2
       Confused          |     1 |     1 |       ||     2
       Sleeping          |     1 |       |       ||     1
       Paralysed         |     2 |       |       ||     2
       Petrified         |       |     2 |       ||     2
       Petrifying        |       |     2 |       ||     2
  Eat: Chunk             |       |     5 |       ||     5
       Ration            |       |     1 |       ||     1
Armor: Leather armour    |    20 |       |       ||    20
       Plate armour      |    36 |   204 |    65 ||   305
Dodge: Dodged            |    47 |    59 |    25 ||   131
